 Dungeon Crawl Stone Soup version 0.16-a0-3122-gccf308e (webtiles) character file.

11330 Gorice the Nimble (level 11, -1/63 HPs)
             Began as a High Elf Wanderer on Dec 13, 2014.
             Was an Elder of Sif Muna.
             Slain by a blink frog (18 damage)
             ... on level 2 of the Lair of Beasts.
             The game lasted 02:04:53 (16116 turns).

Gorice the Nimble (High Elf Wanderer)              Turns: 16116, Time: 02:04:54

Health: -1/63      AC: 11    Str: 13    XL:     11   Next: 47%
Magic:  35/38      EV: 19    Int: 17    God:    Sif Muna [****..]
Gold:   712        SH:  0    Dex: 16    Spells: 7 memorised, 8 levels left

rFire  . . .     SeeInvis .     a - +1 quarterstaff
rCold  . . .     Clarity  .     h - +1 leather armour {MR+}
rNeg   . . .     SustAb   .     (no shield)
rPois  .         Gourm    .     H - +2 helmet
rElec  .         Spirit   .     Q - +2 cloak
rCorr  .         Warding  .     A - +0 pair of gloves
rMut   .         Stasis   .     (no boots)
MR     ++...                    (no amulet)
Stlth  +++.......               f - ring of magical power
                                I - ring of stealth

@: very resistant to hostile enchantments, fairly stealthy
A: no striking features
a: Channel Energy, Forget Spell, Renounce Religion


You were on level 2 of the Lair of Beasts.
You worshipped Sif Muna.
Sif Muna was greatly pleased with you.
You were hungry.

You visited 3 branches of the dungeon, and saw 12 of its levels.
You also visited: Labyrinth.

You collected 712 gold pieces.

Inventory:

Hand weapons
 a - a +1 quarterstaff (weapon)
 b - a +0 shortbow
Missiles
 j - 23 tomahawks (quivered)
 p - 14 poisoned arrows
 E - 19 arrows of frost
Armour
 h - a +1 leather armour of magic resistance (worn)
 l - a +0 ring mail
 A - a +0 pair of gloves (worn)
 H - a +2 helmet (worn)
 Q - a +2 cloak (worn)
Jewellery
 f - a ring of magical power (right hand)
 q - an uncursed ring of teleportation
 I - a ring of stealth (left hand)
 O - an uncursed ring of stealth
 U - an uncursed ring of sustain abilities
Magical devices
 d - a wand of paralysis (8)
 k - a wand of confusion (26)
 n - a wand of disintegration (5)
 o - a wand of digging (9)
 B - a wand of lightning (3)
 K - a wand of polymorph (0)
 P - a wand of fire (6)
Scrolls
 m - 7 scrolls of teleportation
 z - 2 scrolls of identify
 M - 5 scrolls of remove curse
 N - 2 scrolls of fear
 X - a scroll of fog
Potions
 i - 2 potions of invisibility
 s - 2 potions of cancellation
 v - a potion of heal wounds
 x - a potion of agility
 C - 2 potions of might
 D - 4 potions of berserk rage
 F - 2 potions of curing
Books
 e - a book of Air

   Spells                             Type                      Level
   a - Shock                          Conjuration/Air              1
   b - Swiftness                      Charms/Air                   2
   c - Repel Missiles                 Charms/Air                   2
   d - Flight                         Charms/Air                   3
   e - Static Discharge               Conjuration/Air              3
   f - Lightning Bolt                 Conjuration/Air              5
Miscellaneous
 g - a phantom mirror
 L - a lantern of shadows
Comestibles
 c - a slice of pizza
 t - 10 meat rations
 u - 17 fruits


   Skills:
 - Level 1.0 Fighting
 + Level 10.2 Staves
 - Level 1.1 Throwing
 + Level 10.6 Dodging
 - Level 2.1 Stealth
 - Level 7.2 Spellcasting
 - Level 10.0 Conjurations
 - Level 3.3 Hexes
 * Level 2.9 Charms


You had 8 spell levels left.
You knew the following spells:

 Your Spells              Type           Power        Failure   Level  Hunger
a - Magic Dart            Conj           ####         1%          1    None
b - Searing Ray           Conj           #####.       1%          2    None
c - Iskenderun's Mystic   Conj           #####...     1%          4    ####...
d - Dazzling Spray        Conj/Hex       ####....     2%          3    ##.....
e - Confusing Touch       Hex            ###...       4%          2    None
M - Repel Missiles        Chrm/Air       ##....       12%         2    None
S - Swiftness             Chrm/Air       ##......     12%         2    None


Dungeon Overview and Level Annotations

Branches:
Dungeon (9/15)             Temple (1/1) D:6            Lair (2/8) D:9
    Orc: D:9-12

Altars:
Ashenzari
Cheibriados
Dithmenos
Elyvilon
Fedhas
Gozag
Kikubaaqudgha
Makhleb
Nemelex Xobeh
Okawaru
Qazlal
Ru
Sif Muna
Trog
Vehumet
Xom
Yredelemnul
Zin
The Shining One

Shops:
D:6 *


Message History

You kill the blink frog!
The blink frog misses you.
Casting: Magic Dart
Confirm with . or Enter, or press ? or * to list all spells.
Aiming: Magic Dart
Press: ? - help, Shift-Dir - straight line, f - blink frog
Aim: a blink frog The magic dart hits the blink frog.
The blink frog is lightly wounded.
The blink frog hits you. The blink frog hits you!
* * * LOW HITPOINT WARNING * * *
You hit the blink frog.
The blink frog is lightly wounded.
The blink frog blinks!
The blink frog hits you but does no damage.
The blink frog misses you.
You miss the blink frog.
The blink frog is lightly wounded.
The blink frog hits you!!
You die...

#....##P##P.............##
... ## #..............##
###.............#
#..............##
##....#.#.##...##
##..#########...# .
####.+### #...#
#....#.#.F...### ##..##
#....@......### #...#
#....†#####....####..##
#..........#.#...##...#
...##..........#..#...##
.#..#...♣...♣...#..#...##
#..........<.....#........
.....#...♣...♣...#..(.....
...#..........#...#.....
#..#.#....##.#†.##.....


You could see a blink frog.

Vanquished Creatures
  A hydra (Lair:1)
  An elephant (D:9)
  A black mamba (Lair:2)
  A spiny frog (Lair:2)
  2 komodo dragons
  6 blink frogs
  16 yaks
  Eustachio (D:8)
  A hippogriff (D:9)
  A shadow (D:9)
  A steam dragon (Lair:2)
  Edmund (D:8)
  3 water moccasins
  5 wolves (Lair:1)
  2 porcupines (Lair:1)
  2 necrophages (D:9)
  2 sky beasts
  3 orc warriors
  2 ogres
  A phantom (D:4)
  3 centaurs
  3 ice beasts
  2 crocodiles
  9 giant frogs
  A water moccasin zombie (D:9)
  3 scorpions
  4 crimson imps
  2 jellies (D:8)
  2 centaur zombies
  2 giant frog skeletons
  A gnoll shaman (D:6)
  3 goliath beetles (D:9)
  3 orc wizards
  7 hounds
  2 iguanas
  6 worker ants
  2 centaur skeletons
  2 sheep (D:9)
  Ijyb (D:3)
  A worker ant zombie (D:9)
  Robin (D:4)
  14 adders
  6 gnolls
  36 river rats
  3 shadow imps
  4 worms
  2 adder skeletons
  9 giant geckos
  2 oozes (D:3)
  20 orcs
  23 bats
  A bat skeleton (D:4)
  7 giant cockroaches
  32 goblins
  20 hobgoblins
  3 jackals (D:3)
  12 kobolds
  2 quokkas
  A ball python (D:4)
  5 giant newts
  A quokka skeleton (D:6)
  10 rats
326 creatures vanquished.

Notes
Turn   | Place    | Note
--------------------------------------------------------------
     0 | D:1      | Gorice, the High Elf Wanderer, began the quest for the Orb.
     0 | D:1      | Gorice set off with: a book of Conjurations, a +0 falchion, a +0 quarterstaff, a +0 robe, a +0 dagger, a bread ration
     0 | D:1      | Reached XP level 1. HP: 13/13 MP: 3/3
     2 | D:1      | Learned a level 1 spell: Magic Dart
   161 | D:1      | Reached XP level 2. HP: 18/18 MP: 0/4
  1070 | D:1      | Reached XP level 3. HP: 23/23 MP: 4/6
  1967 | D:2      | Reached skill level 3 in Dodging
  2158 | D:2      | Reached XP level 4. HP: 25/28 MP: 0/9
  2551 | D:2      | Found a deep blue altar of Sif Muna.
  2708 | D:2      | Became a worshipper of Sif Muna the Loreminder
  2842 | D:2      | Learned a level 2 spell: Searing Ray
  3102 | D:3      | Reached XP level 5. HP: 27/33 MP: 8/10
  3696 | D:3      | Reached skill level 4 in Dodging
  3891 | D:3      | Noticed Ijyb
  4240 | D:3      | Killed Ijyb
  4406 | D:4      | Reached XP level 6. HP: 35/38 MP: 8/12
  4411 | D:4      | Found an iron altar of Okawaru.
  4889 | D:4      | Noticed a phantom
  4963 | D:4      | Killed a phantom
  5040 | D:4      | Noticed Robin
  5139 | D:4      | Reached skill level 5 in Dodging
  5171 | D:4      | Killed Robin
  5204 | D:4      | Reached XP level 7. HP: 43/43 MP: 7/14
  5534 | D:4      | Reached skill level 5 in Conjurations
  5715 | D:4      | Reached skill level 5 in Staves
  5876 | D:5      | Entered Level 5 of the Dungeon
  6337 | D:5      | Found a blossoming altar of Fedhas.
  6831 | D:5      | Found a shattered altar of Ashenzari.
  6843 | D:5      | Found an opulent altar of Gozag.
  6930 | D:5      | Found an opulent altar of Gozag.
  7471 | D:6      | Reached skill level 6 in Dodging
  7471 | D:6      | Reached XP level 8. HP: 26/48 MP: 11/16
  7654 | D:6      | Acquired Sif Muna's first power
  7721 | D:6      | Found Onwism's Assorted Antiques.
  7864 | D:6      | Found a staircase to the Ecumenical Temple.
  7890 | Temple   | Entered the Ecumenical Temple
  8469 | D:6      | Found a deep blue altar of Sif Muna.
  8661 | D:6      | Reached skill level 7 in Dodging
  8736 | D:6      | Found a shimmering altar of Xom.
  9276 | D:7      | Found a burning altar of Makhleb.
  9276 | D:7      | Noticed a cacodemon
  9329 | D:7      | Reached XP level 9. HP: 17/53 MP: 17/23
  9553 | D:7      | Found an ancient bone altar of Kikubaaqudgha.
  9621 | D:7      | Acquired Sif Muna's second power
  9621 | D:7      | Reached skill level 5 in Spellcasting
 10091 | D:8      | Noticed Edmund
 10116 | D:8      | Killed Edmund
 10320 | D:8      | Noticed Eustachio
 10328 | D:8      | Killed Eustachio
 10755 | D:8      | Reached skill level 8 in Dodging
 11111 | D:8      | Found a bloodstained altar of Trog.
 11111 | D:8      | Found a radiant altar of Vehumet.
 11111 | D:8      | Found a stormy altar of Qazlal.
 11111 | D:8      | Found a sparkling altar of Nemelex Xobeh.
 11128 | D:8      | Learned a level 4 spell: Iskenderun's Mystic Blast
 11481 | D:8      | Found a shattered altar of Ashenzari.
 11562 | D:9      | Found a staircase to the Lair.
 11562 | D:9      | Noticed an elephant
 11571 | D:9      | Reached XP level 10. HP: 58/58 MP: 22/27
 11591 | D:9      | Killed an elephant
 12250 | Lair:1   | Entered Level 1 of the Lair of Beasts
 12372 | Lair:1   | Noticed a seven-headed hydra
 12387 | Lair:1   | Killed a seven-headed hydra
 12387 | Lair:1   | Reached skill level 9 in Staves
 12425 | Lair:1   | Found a labyrinth entrance.
 12456 | Lair:1   | Learned a level 3 spell: Dazzling Spray
 12459 | Lair:1   | Learned a level 2 spell: Confusing Touch
 12461 | Lab      | Entered a labyrinth
 13196 | Lab      | Noticed a minotaur
 14260 | Lair:1   | Reached skill level 10 in Dodging
 14272 | Lair:1   | Reached skill level 10 in Conjurations
 14272 | Lair:1   | Reached XP level 11. HP: 24/63 MP: 18/28
 14469 | Lair:1   | Reached skill level 1 in Hexes
 15006 | Lair:2   | Reached skill level 10 in Staves
 15459 | Lair:2   | Learned a level 2 spell: Repel Missiles
 15463 | Lair:2   | Learned a level 2 spell: Swiftness
 15658 | Lair:2   | Reached skill level 1 in Charms
 15981 | Lair:2   | Acquired Sif Muna's third power
 16116 | Lair:2   | Slain by a blink frog

Action                   |  1- 3 |  4- 6 |  7- 9 | 10-12 || total
-------------------------+-------+-------+-------+-------++-------
Melee: Quarterstaff      |    82 |   166 |   256 |   364 ||   868
       Unarmed           |       |       |     6 |     1 ||     7
Throw: Tomahawk          |     8 |    21 |     5 |       ||    34
 Cast: Magic Dart        |    79 |   151 |   183 |   114 ||   527
       Searing Ray       |       |     1 |    31 |    34 ||    66
       Iskenderun's Myst |       |       |       |    21 ||    21
       Confusing Touch   |       |       |       |     1 ||     1
       Dazzling Spray    |       |       |       |     2 ||     2
       Repel Missiles    |       |       |       |     1 ||     1
Invok: Channel Energy    |       |       |     3 |    21 ||    24
Evoke: Wand              |       |     1 |       |     3 ||     4
  Use: Scroll            |     5 |    12 |     7 |     4 ||    28
       Potion            |       |     1 |       |     5 ||     6
 Stab: Sleeping          |     1 |     2 |     7 |     3 ||    13
  Eat: Chunk             |     7 |    15 |    22 |    12 ||    56
       Pizza             |       |       |     2 |     2 ||     4
       Meat ration       |       |       |       |     1 ||     1
